[Event "German Bundesliga 2021-22"]
[Site "Germany"]
[Date "2022.05.01"]
[Round "6.8"]
[White "Hausrath, Daniel"]
[Black "Agrest, Inna"]
[Result "1-0"]
[ECO "A05"]
[WhiteElo "2475"]
[BlackElo "2258"]
[Annotator "TA"]
[PlyCount "117"]
[EventDate "2022.03.05"]
[EventType "team-tourn"]
[EventCountry "GER"]
[SourceTitle "playchess.com"]
[Source "ChessBase"]
[SourceQuality "1"]
[TimeControl "40/5400+30:1800+30"]

1. Nf3 Nf6 2. g3 g6 3. b3 Bg7 4. Bb2 O-O 5. Bg2 d6 6. d4 Nbd7 7. O-O a5 {[%emt 0:00:00] A49: 1 d4 Nf6 2 Nf3 g6 3 g3: Anti-King's Indian systems.} 8. c4 a4 9. Nc3 (9. bxa4 Nb6 $15) 9... a3 {[%emt 0:01:05] White is slightly better.} 10. Bc1 c6 {[%emt 0:06:29] [#]} 11. h3 $146 ({Predecessor:} 11. Bg5 Qa5 12. Bd2 Qc7 13. Qc1 e5 14. Bh6 Re8 15. Bxg7 Kxg7 16. dxe5 dxe5 17. Ne1 {0-1 (53) Wisniewski,A (2351)-Budzisz,A (1985) Katowice 2021}) 11... Re8 12. Be3 e5 13. dxe5 dxe5 14. Qd2 Bf8 15. Ne1 Nc5 16. Rd1 Qxd2 17. Bxd2 h5 18. Nc2 Bf5 19. Rc1 Red8 20. Bg5 Kg7 21. Ne3 Rd7 22. f4 Nh7 23. Bh4 $1 Be6 24. f5 {[%emt 0:01:29] Strongly threatening g4.} (24. fxe5 $2 g5 25. Bxg5 Nxg5 $19) 24... g5 25. fxe6 fxe6 26. b4 {[%emt 0:02:10] aiming for Bxg5.} Na6 27. b5 {[%emt 0:01:44] [#]} Nb4 {[%emt 0:00:59] [#]} (27... Bc5 $1 $15 28. Kf2 (28. bxc6 $2 Bxe3+ 29. Kh2 bxc6 $19) (28. Rf3 g4 $17) 28... Rf8+ 29. Bf3 gxh4 30. bxa6 hxg3+ 31. Kxg3 Bxe3) 28. Rb1 gxh4 ({Better is} 28... Bc5 $11) 29. Rxf8 $1 $14 {[%emt 0:00:46][%mdl 64] Remove Defender} Rxf8 (29... Nxf8 $16 30. Rxb4 c5) 30. Rxb4 $18 c5 (30... hxg3 $142 31. bxc6 bxc6 32. Bxc6 Rd4) 31. Rb3 hxg3 32. Ne4 ({Don't take} 32. Rxa3 Nf6 33. Ra7 b6) 32... b6 33. Nxg3 {[%emt 0:00:24] Pair of Knights!} Nf6 (33... Rd2 $142) 34. Rxa3 Rd2 35. Bf3 Kh6 36. Rd3 $2 (36. h4 $18 {is more deadly.}) 36... Rd8 $16 37. Rxd8 Rxd8 38. Ne4 Ne8 {[%emt 0:00:52] A mistake that costs the game.} (38... Nxe4 $14 39. Bxe4 Rd2) 39. h4 $18 Rd7 (39... Ra8 $142 40. Nxc5 Ra3) 40. Ng5 Ng7 41. Be4 Re7 42. a4 Ne8 {[%emt 0:00:00] [#]} 43. Bd5 $1 Ra7 44. Bxe6 Nd6 45. Nf5+ Nxf5 46. Bxf5 Rxa4 47. Be6 ({Less strong is} 47. Nf7+ Kg7 48. Nd6 (48. Nxe5 $2 Kf6 $17) 48... Ra8 $18) 47... Kg6 48. Ne4 Ra1+ 49. Kg2 Re1 50. Nc3 Kf6 51. Bd5 {[%emt 0:00:00] White is clearly winning.} Kf5 52. Bf3 {[%emt 0:00:00] Na4 is the strong threat.} Rc1 53. Nd5 e4 54. Bxh5 Ke5 55. Nxb6 Kd4 56. Bg4 {[%emt 0:00:00] And now h5 would win.} Ra1 57. h5 Ra7 58. Nd7 {[%emt 0:00:00] Hoping for b6.} Kxc4 59. b6 {[%emt 0:00:00] Weighted Error Value: White=0.20 (precise) /Black=0.34} 1-0

[Event "German Bundesliga 2021-22"]
[Site "Germany"]
[Date "2022.05.01"]
[Round "6.8"]
[White "Loxine, Jakov"]
[Black "Rafiee, Makan"]
[Result "1-0"]
[ECO "D02"]
[WhiteElo "2390"]
[BlackElo "2338"]
[Annotator "TA"]
[PlyCount "115"]
[EventDate "2022.03.05"]
[EventType "team-tourn"]
[EventCountry "GER"]
[SourceTitle "playchess.com"]
[Source "ChessBase"]
[SourceQuality "1"]
[TimeControl "40/5400+30:1800+30"]

1. Nf3 d5 2. g3 Nd7 3. d4 Nb6 4. Bg2 Bf5 5. O-O e6 6. Nbd2 {[%emt 0:00:00] D02: 1 d4 d5 2 Nf3 sidelines, including 2...Nf6 3 g3 and 2...Nf6 3 Bf4.} Be7 7. b3 Nf6 8. Bb2 {[%emt 0:00:00] White has an edge.} O-O 9. c4 Ne4 10. Rc1 c6 11. Ne5 Nxd2 12. Qxd2 {[%emt 0:00:05] [#]} h6 $146 ({Predecessor:} 12... Nd7 13. Nd3 a5 14. Rfd1 Qb6 15. e3 Rfd8 16. c5 Qc7 17. Bc3 Bxd3 18. Qxd3 b6 19. cxb6 Qxb6 {½-½ (27) Moranda,W (2588)-Jaracz,P (2508) Poland 2015}) 13. f3 a5 14. c5 Nd7 15. Nd3 Bh7 16. Rc2 Qb8 17. e4 Rd8 18. Qe3 Bf8 19. Rfc1 Qa7 20. e5 Rdc8 21. Bf1 b6 22. Ba3 bxc5 23. dxc5 Rcb8 24. f4 Be4 25. Rc3 Be7 26. Nf2 Bh7 27. Bd3 Bxd3 28. Nxd3 Rd8 29. R3c2 Nb8 30. g4 Na6 31. Rf1 Rab8 32. f5 {[%emt 0:00:33][%cal Bf4f5,Bf5f6][%mdl 32] Hoping for f6.} Nb4 $2 (32... Bg5 $14 33. Qd4 Qb7) 33. Bxb4 $18 axb4 34. f6 $1 Bf8 35. g5 $2 (35. fxg7 $18 {and the rest is easy.} Bxg7 36. g5) 35... g6 $16 36. gxh6 {[%emt 0:00:13][%cal Oh6h7] Black must now prevent h7+!} Kh7 37. Qd4 {[%emt 0:00:24] White is much more active.} Bxh6 (37... Rb5 $16 {keeps fighting.} 38. Rff2 Rdb8) 38. Rf3 $1 $18 {[%emt 0:01:38] Rh3 would kill now.} (38. Nxb4 $6 Qb7 39. Nd3 Rh8) 38... Rh8 39. Rh3 Kg8 40. Kg2 Qa5 41. Rf2 Qa3 (41... Bg5 $142) 42. Rh4 (42. Qh4 $142) 42... Bg5 43. Rg4 $36 {[%emt 0:02:51][%mdl 2048] White is on the roll.} Rh5 44. Nf4 ({Of course not} 44. Nxb4 Be3 45. Qxe3 Rxb4 46. Rxb4 Qxb4 $11) (44. Rc2 $16) 44... Bxf4 $11 45. Qxf4 Ra8 (45... Qa7 $11 {keeps the balance.}) 46. Rg5 ({Better is} 46. Qg3 $16 {[%cal Og4g6] Intending Rxg6+! and mate.} Rh6 47. Rc2) 46... Rh6 (46... Kh7 $1 $11 {remains equal.}) 47. h4 $16 {[%emt 0:00:10][%cal Bh2h4,Bh4h5][%mdl 32] aiming for h5!} Kh7 $2 (47... Qa6 $16) 48. h5 $1 $18 {[%emt 0:00:10] hxg6+ is the strong threat.} Rg8 {[%emt 0:00:20] [#]} 49. Kf3 $1 {[%emt 0:00:10][%cal Bg2f3,Bf3e3,Be3e4][%mdl 32] Threatening mate with Rh2.} (49. hxg6+ Rgxg6 50. Rxg6 Rxg6+ 51. Kf3 Kg8 $18) 49... Qa6 {[%emt 0:00:20] [#]} 50. Ke3 $1 ({Avoid the trap} 50. hxg6+ $2 Rgxg6 51. Re2 Qd3+ 52. Kf2 Rh1 53. Rxg6 Qxg6 $19) 50... d4+ 51. Ke4 {[%emt 0:00:10] White mates.} Qc8 52. Rh2 Qf8 53. hxg6+ fxg6 54. f7 Rh8 55. Rgg2 Rh5 56. Rxh5+ gxh5 57. Rg5 Qh6 58. Qh4 {[%emt 0:00:16] Weighted Error Value: White=0.20 (precise) /Black=0.40} 1-0

[Event "German Bundesliga 2021-22"]
[Site "Germany"]
[Date "2022.05.01"]
[Round "6.8"]
[White "Meissner, Felix"]
[Black "Predojevic, Borki"]
[Result "0-1"]
[ECO "B47"]
[WhiteElo "2381"]
[BlackElo "2585"]
[Annotator "TA"]
[PlyCount "78"]
[EventDate "2022.03.05"]
[EventType "team-tourn"]
[EventCountry "GER"]
[SourceTitle "playchess.com"]
[Source "ChessBase"]
[SourceQuality "1"]
[TimeControl "40/5400+30:1800+30"]

1. e4 c5 2. Nf3 e6 3. d4 cxd4 4. Nxd4 Nc6 5. Nc3 Qc7 6. g3 a6 7. a4 Nf6 {[%emt 0:00:00] B47: Sicilian: Taimanov: 5 Nc3 Qc7 6 f4, 6 g3 and 6 Be2.} 8. Nxc6 bxc6 9. Bg2 a5 {[%emt 0:11:05] The position is equal.} 10. O-O {[%emt 0:00:15][%cal Oe4e5] [#]} Ba6 $146 ({Predecessor:} 10... Be7 11. Re1 e5 12. Qf3 h6 13. Nd1 O-O 14. Ne3 d5 15. exd5 e4 16. Qd1 Rd8 17. c4 Bb7 18. Bd2 cxd5 19. cxd5 Bc5 20. Qc2 Rxd5 21. Bc3 Bxe3 {½-½ (21) Obukhov,G (1896)-Kroes,F (1675) LSS email 2011}) 11. Re1 e5 12. b3 Bb4 13. Bd2 O-O 14. g4 (14. Qc1 $11) 14... d6 $17 {[%emt 0:13:40] Black is more active.} 15. g5 Nd7 16. Re3 Nc5 17. Qh5 f6 {[%emt 0:02:20] And now ...fxg5 would win.} 18. g6 ({Much weaker is} 18. Rh3 g6 19. Qh4 fxg5 20. Bxg5 Ne6 $17) 18... hxg6 19. Qxg6 Qf7 20. Qg3 {[%emt 0:05:16] Black keeps a firm grip on the game.} (20. Qg4 $15) 20... Ne6 21. Bh3 Nf4 $36 {[%emt 0:04:14][%mdl 2048] Black is on the roll.} 22. Rae1 (22. Bf5 $17) 22... d5 $19 23. Rf3 (23. exd5 $142 cxd5 24. Rf3) 23... d4 24. Bf5 (24. Nb1 $142 Ne2+ 25. Rxe2 Bxe2 26. Bf5) 24... Bxc3 25. Bxf4 exf4 ({Worse is} 25... Bxe1 26. Bg6 exf4 27. Bxf7+ Rxf7 28. Qh4 $17) 26. Qh3 {[%emt 0:03:17][%csl Gf5][%cal Rh3h7] [#]} Rfe8 $1 27. Rd1 Rad8 28. Qh7+ Kf8 {[%emt 0:00:05][%cal Bg8f8,Bf8e7,Be7d7,Bd7c7][%mdl 32] Black is clearly winning.} 29. Bg6 Qg8 30. Qh4 Re5 ({Avoid the trap} 30... Be2 $2 31. Rxf4 d3 32. Rxd3 Bxd3 33. cxd3) 31. Qxf4 Ke7 {[%emt 0:00:15] [#] Strongly threatening ...Be2.} 32. Rg3 Be2 33. Rd2 Bxd2 34. Qxd2 Ba6 35. f4 Rc5 36. Qc1 Kd7 37. Qa3 Qf8 38. Qb2 Kc7 {[%emt 0:00:36] aiming for ...d3.} 39. b4 axb4 {[%emt 0:00:43] Weighted Error Value: White=0.52/Black=0.06 (flawless)} 0-1

[Event "German Bundesliga 2021-22"]
[Site "Germany"]
[Date "2022.05.01"]
[Round "6.9"]
[White "Mamedyarov, Shakhriyar"]
[Black "Khenkin, Igor"]
[Result "1/2-1/2"]
[ECO "A20"]
[WhiteElo "2767"]
[BlackElo "2509"]
[Annotator "TA"]
[PlyCount "89"]
[EventDate "2022.03.05"]
[EventType "team-tourn"]
[EventCountry "GER"]
[SourceTitle "playchess.com"]
[Source "ChessBase"]
[SourceQuality "1"]
[TimeControl "40/5400+30:1800+30"]

1. c4 e5 2. g3 c6 3. d4 e4 4. Qa4 Na6 5. a3 Nc7 6. Nc3 {[%emt 0:00:00] A20: English Opening: 1...e5.} f5 7. f3 Nf6 {[%emt 0:10:42] [#]} 8. Bg2 $146 {[%emt 0:08:48][%cal Rf3e4] The position is equal.} ({Predecessor:} 8. fxe4 fxe4 9. Bg2 d5 10. cxd5 b5 11. Qb3 cxd5 12. Nh3 a5 13. Bg5 a4 14. Qa2 {½-½ (71) Timofeev,A-Muljadi,P (2322) ICCF email 2017}) 8... d5 9. cxd5 (9. Nxd5 {feels hotter.} Ncxd5 10. cxd5 Qxd5 11. Bg5) 9... Ncxd5 10. fxe4 Nxc3 11. bxc3 Nxe4 12. Qc2 Qa5 13. Bb2 Be6 ({Resist} 13... Qd5 14. Nh3 $14) 14. Nh3 O-O-O 15. O-O Bc4 16. Ng5 {[%emt 0:03:41][%cal Of1f5] [#] aiming for Rxf5!} Nd6 ({But not} 16... Nxg5 17. Rxf5 Qa6 18. Rxg5 $14) 17. Nf3 g6 18. Ne5 Bh6 19. Bc1 Bxc1 20. Rfxc1 Rhe8 21. Rab1 Rxe5 ({Much worse is} 21... Qxa3 22. Ra1 Qb3 23. Qxb3 Bxb3 24. Rxa7 $11) 22. dxe5 Qxe5 {[%emt 0:00:02] And now ...Qe3+ would win.} 23. Rd1 Bxe2 24. Re1 (24. Rd4 $11) 24... Qc5+ $15 25. Kh1 Bc4 {[%emt 0:00:19] ...Ne4 is the strong threat.} 26. Rbd1 Ne4 27. Rxd8+ Kxd8 28. Qd1+ {[%emt 0:00:18] [#]} Bd5 (28... Kc7 $1 $17 {( -> ...Nf2+)} 29. Bxe4 fxe4) 29. Bxe4 fxe4 30. Qd4 Qxd4 31. cxd4 {[%emt 0:00:09][%mdl 4096] Endgame KR-KB} b5 32. Kg1 a5 33. Rb1 Bc4 {[%emt 0:02:08] Hoping for ...e3.} 34. Kf2 Bd3 35. Rc1 Kd7 {[%emt 0:00:04] Threatens to win with ...b4.} 36. Ke3 b4 37. axb4 axb4 {[%emt 0:00:01] Strongly threatening ...b3.} 38. Kd2 b3 39. Kc3 Bc2 40. Ra1 Kd6 41. Ra5 h5 42. Re5 e3 (42... Kd7 $11 {remains equal.}) 43. Rxe3 $16 {[%emt 0:00:00] White is better.} c5 44. dxc5+ Kxc5 45. Re5+ {[%emt 0:00:00] Weighted Error Value: White=0.09 (flawless) /Black=0.10 (very precise)} 1/2-1/2

[Event "German Bundesliga 2021-22"]
[Site "Germany"]
[Date "2022.05.01"]
[Round "6.9"]
[White "Jones, Gawain C B"]
[Black "Postny, Evgeny"]
[Result "1-0"]
[ECO "C45"]
[WhiteElo "2671"]
[BlackElo "2567"]
[Annotator "TA"]
[PlyCount "61"]
[EventDate "2022.03.05"]
[EventType "team-tourn"]
[EventCountry "GER"]
[SourceTitle "playchess.com"]
[Source "ChessBase"]
[SourceQuality "1"]
[TimeControl "40/5400+30:1800+30"]

1. e4 e5 2. Nf3 Nc6 3. d4 exd4 4. Nxd4 Bc5 5. Nb3 Bb6 6. Nc3 Nge7 7. Bf4 {[%emt 0:00:00] C45: Scotch Game.} d6 8. Qd2 a5 9. Bb5 {[%emt 0:04:45] White is slightly better.} O-O 10. O-O-O Be6 {[%emt 0:04:45] [#]} 11. Be3 $5 $146 {[%emt 0:04:14][%mdl 8] An interesting novelty.} ({Predecessor:} 11. Kb1 Qb8 12. h4 Qa7 13. h5 Rad8 14. h6 g6 15. Bg3 f6 16. Rhe1 Ne5 17. Na4 {1-0 (33) Vallejo Pons,F (2678)-Delorme,A (2489) Linares 2019}) 11... Bxe3 12. Qxe3 Na7 13. Be2 Nac6 (13... b5 $11 {keeps the balance.}) 14. f4 {[%emt 0:08:32] White is more active.} a4 {[%emt 0:00:53][%cal Ba5a4,Ba4a3,Ba3b2][%mdl 32] [#]} 15. Nc5 a3 16. Nxe6 axb2+ 17. Kb1 fxe6 18. Bc4 $1 $36 {[%emt 0:00:12][%mdl 2048] White has the initiative.} Kh8 19. Bxe6 (19. Kxb2 e5 20. g3 exf4 21. gxf4 Ng6 $15) 19... Ra5 (19... Nb4 $14) 20. h4 $16 (20. Kxb2 Nb8) 20... b5 21. Bb3 ({But not} 21. Kxb2 b4 22. Ne2 Qa8 $11) 21... b4 22. Ne2 (22. Nd5 $5 ) 22... Qe8 {[%emt 0:08:13] [#] This costs Black the game.} (22... Ra3 $14) 23. g4 $1 $18 Rc5 $2 {[%emt 0:04:57] [#]} (23... Qa8 $16) 24. h5 $1 ({Less strong is} 24. e5 Ng8 $14) 24... h6 (24... Qa8 25. h6 g6 26. Kxb2 $18) 25. g5 (25. e5 Ng8 $14) 25... hxg5 26. fxg5 {[%emt 0:00:16][%cal Bf4g5,Bg5g6][%mdl 32] Threatens to win with Nf4.} Na5 $2 (26... Nf5 27. Qd3 Ne5) 27. Nf4 {[%emt 0:02:09] White is clearly winning.} ({Not} 27. h6 g6 $16) 27... Nxb3 28. Ng6+ Kh7 29. Nxf8+ Qxf8 30. g6+ Kh8 31. Qxb3 {[%emt 0:06:14] Weighted Error Value: White=0.05 (flawless) /Black=0.46} 1-0

[Event "German Bundesliga 2021-22"]
[Site "Germany"]
[Date "2022.05.01"]
[Round "6.9"]
[White "Seel, Christian"]
[Black "Shevchenko, Kirill"]
[Result "1/2-1/2"]
[ECO "A30"]
[WhiteElo "2486"]
[BlackElo "2652"]
[Annotator "TA"]
[PlyCount "67"]
[EventDate "2022.03.05"]
[EventType "team-tourn"]
[EventCountry "GER"]
[SourceTitle "playchess.com"]
[Source "ChessBase"]
[SourceQuality "1"]
[TimeControl "40/5400+30:1800+30"]

1. Nf3 Nf6 2. c4 c5 3. Nc3 e6 4. g3 b6 5. Bg2 Bb7 6. O-O Be7 7. Re1 a6 8. e4 d6 9. d4 cxd4 10. Nxd4 Qc7 11. Be3 Nbd7 12. Rc1 {[%emt 0:00:00] 12.Rc1 scores better than 12.f4.} O-O 13. f4 h5 {[%emt 0:00:32] A30: Symmetrical English: Double Fianchetto and Hedgehog.} 14. Bh3 {[%emt 0:06:27][%cal Od4e6] Prevents Ng4.} Nc5 ({Black should try} 14... Qd8 $14) 15. b4 $1 $16 Ncxe4 {[%emt 0:03:42] [#] White is better.} 16. Nxe6 $1 Qxc4 {[%emt 0:13:32] [#]} (16... fxe6 $2 17. Bxe6+ Kh7 18. Nd5 Bxd5 19. cxd5 $18 (19. Bxd5 g6 $16)) 17. Nb1 $146 (17. Nxf8 Nxc3 18. Qd2 (18. Nd7 $2 Qe4 $19) 18... Qe4 $1 $17) (17. Na4 $16 Qxb4 18. Nxf8 Bxf8 19. Nxb6) ({Predecessor:} 17. Na4 Qxb4 18. Nxf8 Ng5 19. Bg2 Nh3+ 20. Kf1 Qb5+ 21. Re2 Ng4 22. Bg1 Nxg1 23. Kxg1 Bxg2 24. Rxe7 {1-0 (31) Oliva Castaneda,K (2419)-Aroshidze,L (2565) Sitges 2014}) 17... Nc3 $2 18. Nxc3 $18 (18. Nxf8 $2 Qe4 $1 19. Nxc3 Qh1+ 20. Kf2 Qxh2+ 21. Kf1 Qxg3 $19) 18... fxe6 19. Qe2 {[%emt 0:33:48] Against Ng4} (19. Bd4 $18 Bf3 20. Qxf3 (20. Bxe6+ Qxe6 21. Qxf3 Qf7 $16) 20... Qxd4+ 21. Kh1) 19... d5 (19... Qc6 $2 20. Bxe6+ Kh8 {[#]} 21. Nd5 $1 $18 ) (19... Qxb4 $142 20. Bxe6+ Kh8) 20. Bxe6+ $16 Kh8 21. a3 $36 {[%emt 0:01:37][%mdl 2048] Strongly threatening Qd1. Keeping Black busy. White is more active.} (21. Bxb6 Bxb4 22. Qb2 (22. Qxc4 dxc4 23. Re5 Rfe8 $14) 22... Bc5+ 23. Bxc5 Qxc5+ 24. Kf1 Qa7 $14) (21. Qxc4 dxc4 22. Bxb6 Bxb4 $14) 21... a5 (21... Qxe2 $16 22. Nxe2 (22. Rxe2 a5 $16) 22... Rfe8) 22. Qd1 $18 ({Less strong is} 22. Bxb6 axb4 23. Qxc4 dxc4 $16) (22. Qxc4 dxc4 23. Bxc4 (23. Bxb6 axb4 24. Bxc4 Rfc8 $16) 23... axb4 24. Bxb6 Rfc8 $16) 22... Qc6 $2 (22... axb4 23. Nxd5 Qa2) 23. Bd4 axb4 24. Nxd5 Bc5 25. axb4 Rae8 (25... Bxd4+ {was called for.} 26. Qxd4 Qd6) 26. bxc5 ({Don't take} 26. Bxc5 Rxe6 27. Rxe6 Qxe6 28. Bxf8 Bxd5 $18) 26... Rxe6 27. Rxe6 Qxe6 28. Nxf6 gxf6 29. Qxh5+ Kg7 30. cxb6 $2 (30. c6 $18 Bc8 31. Qg5+ Kh7 32. Qh5+ Kg7 33. Qg5+ Kh7 34. Qb5) 30... Rc8 $11 {[%emt 0:02:45] The position is equal.} 31. Qg5+ Kh7 32. Qh5+ Kg7 33. Qg5+ Kh7 34. Qh5+ {[%emt 0:00:27] Weighted Error Value: White=0.32/Black=0.46} 1/2-1/2

[Event "German Bundesliga 2021-22"]
[Site "Germany"]
[Date "2022.05.01"]
[Round "6.10"]
[White "Areshchenko, Alexander"]
[Black "Nagy, Gabor"]
[Result "1-0"]
[ECO "B69"]
[WhiteElo "2670"]
[BlackElo "2530"]
[Annotator "TA"]
[PlyCount "113"]
[EventDate "2022.03.05"]
[EventType "team-tourn"]
[EventCountry "GER"]
[SourceTitle "playchess.com"]
[Source "ChessBase"]
[SourceQuality "1"]
[TimeControl "40/5400+30:1800+30"]

1. e4 c5 2. Nf3 d6 3. d4 cxd4 4. Nxd4 Nf6 5. Nc3 Nc6 6. Bg5 Bd7 7. Qd2 a6 8. O-O-O e6 9. f4 Be7 10. Nf3 b5 11. Bxf6 gxf6 12. Kb1 Qb6 13. f5 O-O-O 14. g3 Kb8 15. fxe6 fxe6 16. Bh3 Na5 {[%emt 0:00:00][%cal Bc6a5,Ba5c4,Bc4e3][%mdl 32] is currently scoring better than 16...Bc8. B69: Sicilian: Richter-Rauzer: 7...a6 8 0-0-0 Bd7 9 f4 Be7 10 Nf3 b5 11 Bxf6.} 17. Nd4 b4 $1 18. Nce2 e5 {[%emt 0:00:00] The position is equal.} (18... Nc4 19. Qd3 d5 20. exd5 $16) 19. Nf5 $5 {[%emt 0:08:43][%mdl 4] An interesting side line.} Bxf5 20. Bxf5 d5 21. exd5 Nc4 22. Qd3 Ne3 23. Qe4 {[%emt 0:08:02] [#]} Qc5 $146 ({Predecessor:} 23... Nxd1 24. Rxd1 h5 25. c4 h4 26. g4 h3 27. Ng3 b3 28. axb3 Qxb3 29. Qc2 Qb4 {½-½ (46) Mazur,S (2426)-Nayhebaver,M (2473) Ruzomberok 2019}) 24. Nc1 {[%emt 0:09:34] Hoping for Nb3.} Nxd1 25. Rxd1 Rd6 26. Be6 {[%emt 0:02:43][%mdl 1024] White has compensation.} h5 27. Nd3 {[%emt 0:02:36] White now steadily converts the win.} Qb5 28. Rc1 (28. Qxb4 Qxb4 29. Nxb4 Rxe6 $1 30. dxe6 Bxb4 $17) 28... Rhd8 29. Qh7 Bf8 30. Qxh5 {[%emt 0:00:51] White is much more active.} Qc4 (30... e4 $16 {was called for.} 31. Nf4 Qc4) 31. Qf5 $36 {[%emt 0:01:47][%mdl 2048] White is on the roll.} Bg7 32. Re1 {[%emt 0:02:16] Re4 is the strong threat.} a5 33. Re4 Qc7 34. h4 Qb6 35. Re1 {[%emt 0:00:09] Against Qg1} Ka7 (35... Bh6 $142 36. g4 (36. Qxf6 Rxd5 37. Qxh6 Re8 $16) 36... Bd2) 36. h5 Qc7 37. Re4 Rb6 38. b3 {[%emt 0:00:33] Threatens to win with Rc4.} Bf8 (38... Rb7 $142 39. Nb2 Qc5) 39. Qxf6 Rxd5 40. Rc4 ({Resist} 40. Qxf8 Rxe6 41. g4 Red6 42. Qf2+ (42. Rxe5 $2 Rxe5 43. Qf2+ Kb8 $19) 42... Kb8 $18) (40. Rxe5 $2 Rxe5 41. Nxe5 Bg7 $19) 40... Qd6 {[%emt 0:02:43] [#]} 41. Qf7+ $1 Rb7 42. Qf2+ (42. Bxd5 Rxf7 43. Bxf7 Qf6 $17) 42... Rd4 {[%emt 0:00:00] [#]} 43. Nxe5 $1 Qxe5 44. Qxd4+ Qxd4 45. Rxd4 $18 {[%emt 0:00:00][%mdl 4096] Endgame KRB-KRB} Bg7 46. Rd1 Re7 47. Bf5 Bh6 48. g4 Re2 49. a3 Bg5 50. Ka2 {[%emt 0:01:42] White is clearly winning.} Rh2 51. axb4 axb4 52. Rd4 Bf6 53. Rxb4 Rh1 54. Ra4+ Kb6 55. Ka3 Bc3 56. b4 Rb1 57. h6 {[%emt 0:01:22] Weighted Error Value: White=0.08 (flawless) /Black=0.26 (precise)} 1-0

[Event "German Bundesliga 2021-22"]
[Site "Germany"]
[Date "2022.05.01"]
[Round "6.10"]
[White "Bjerre, Jonas Buhl"]
[Black "Kryvoruchko, Yuriy"]
[Result "1/2-1/2"]
[ECO "C65"]
[WhiteElo "2586"]
[BlackElo "2683"]
[Annotator "TA"]
[PlyCount "52"]
[EventDate "2022.03.05"]
[EventType "team-tourn"]
[EventCountry "GER"]
[SourceTitle "playchess.com"]
[Source "ChessBase"]
[SourceQuality "1"]
[TimeControl "40/5400+30:1800+30"]

1. e4 e5 2. Nf3 Nc6 3. Bb5 Nf6 4. d3 Bc5 5. c3 O-O 6. O-O d6 7. Re1 {[%emt 0:00:00] C65: Ruy Lopez: Berlin Defence (3...Nf6), unusual lines and 4 0-0 Bc5.} Ne7 8. d4 Bb6 9. a4 {[%emt 0:00:00] a5 is the strong threat. Nowadays more popular than 9.h3.} c6 10. Bf1 Ng6 11. Nbd2 Re8 12. h3 h6 13. Qc2 {[%emt 0:02:31] [#]} Bc7 $146 ({Predecessor:} 13... Be6 14. b4 Bc7 15. c4 exd4 16. Nxd4 a5 17. b5 Bb6 18. Bb2 Rc8 19. bxc6 bxc6 {½-½ (72) Sethuraman,S (2620)-Sargissian,G (2664) Riga 2021}) 14. dxe5 Nxe5 15. Nxe5 Rxe5 16. Nc4 (16. Nf3 $5 ) 16... Re6 {[%emt 0:11:22] The position is equal.} 17. Bf4 d5 18. Bxc7 Qxc7 19. exd5 Nxd5 20. Bd3 Bd7 21. Bh7+ Kf8 22. Bf5 Rxe1+ 23. Rxe1 Re8 24. Rxe8+ Bxe8 25. Qd2 b6 26. Be4 Nf6 {[%emt 0:02:13] A balanced but interesting game.  Weighted Error Value: White=0.04 (flawless) /Black=0.02 (flawless)} 1/2-1/2

[Event "German Bundesliga 2021-22"]
[Site "Germany"]
[Date "2022.05.01"]
[Round "6.10"]
[White "Nestorovic, Nikola"]
[Black "Maghsoodloo, Parham"]
[Result "0-1"]
[ECO "B90"]
[WhiteElo "2456"]
[BlackElo "2701"]
[Annotator "TA"]
[PlyCount "90"]
[EventDate "2022.03.05"]
[EventType "team-tourn"]
[EventCountry "GER"]
[SourceTitle "playchess.com"]
[Source "ChessBase"]
[SourceQuality "1"]
[TimeControl "40/5400+30:1800+30"]

1. e4 c5 2. Nf3 d6 3. d4 cxd4 4. Nxd4 Nf6 5. Nc3 a6 6. Be3 e5 7. Nf3 Qc7 8. a4 h6 9. a5 Be6 10. Be2 {[%emt 0:00:00] B90: Sicilian Najdorf: Unusual White 6th moves, 6 Be3 Ng4 and 6 Be3 e5.} Nbd7 11. O-O Rc8 (11... Qc6 $5 ) 12. Ne1 {[%emt 0:14:40] The position is equal.} Be7 13. Bf3 {[%emt 0:10:43] [#]} Qb8 $146 ({Predecessor:} 13... O-O 14. Nd3 Rfe8 15. Qd2 Nh7 16. g3 Bg5 17. Rfd1 Bxe3 18. Qxe3 Nhf6 19. Nb4 Nb8 {½-½ (59) Magem Badals,J (2505)-Trichkov,V (2395) Barcelona 1993}) 14. Nd3 Rc4 15. Bd2 Qc8 16. Qe1 Bd8 17. b3 Rc6 18. Nb4 Rc5 19. Na4 Rxa5 20. Nd5 Rxa4 21. Nxf6+ Nxf6 22. Rxa4 Qxc2 23. Qc1 Qxc1 ({Don't play} 23... Qxb3 24. Rb4 Qa2 25. Rxb7 $16) 24. Rxc1 Bd7 25. Ra2 Ke7 26. Bb4 Bb6 27. Rd2 Ne8 28. Rcd1 Bc6 29. Kf1 h5 30. h4 Rh6 31. Rc2 Nc7 32. Bd2 Rh8 33. Bb4 (33. Rdc1 $15) 33... Nb5 $17 34. Bc3 g6 35. Bb2 a5 36. Rcc1 Bd4 37. Rc2 Ra8 38. Bc1 Nc3 39. Re1 {[%emt 0:00:11] [#]} b5 $1 {[%emt 0:00:23][%cal Bb7b5,Bb5b4][%mdl 32] 0x0.00198fc79271dp-1022s more active pieces.} 40. Be3 b4 41. Bxd4 {[%emt 0:00:00] [#]} (41. Ra1 $17) 41... Bb5+ $1 $19 ({Weaker is} 41... exd4 42. Be2 $17) 42. Kg1 exd4 43. Rd2 d3 {[%emt 0:00:00] Black has a decisive advantage.} 44. Bd1 Nb1 45. Rb2 {[%emt 0:00:08] [#]} d2 $1 {[%emt 0:00:00] Weighted Error Value: White=0.15 (very precise) /Black=0.05 (flawless)} 0-1